 Dungeon Crawl Stone Soup version 0.31.0-32-g396128a36d (webtiles) character file.

Game seed: 4530625718201142111

6 Silvore the Shield-Bearer (level 1, 0/15 (20) HPs)
             Began as a Minotaur Fighter on Mar 21, 2024.
             Slain by a goblin
             ... wielding a +2 dagger of draining
              (2 damage)
             ... on level 1 of the Dungeon.
             The game lasted 00:00:07 (50 turns).

Silvore the Shield-Bearer (Minotaur Fighter)          Turns: 50, Time: 00:00:08

HP:   0/15 (20)     AC:  6    Str: 20    XL:     1   Next: 75%
MP:   0/0           EV:  9    Int:  5    God:
Gold: 0             SH:  4    Dex:  9    Spells: 0/0 levels left

rFire   . . .        a - +0 flail
rCold   . . .        c - +0 buckler
rNeg    . . .        b - +0 scale mail
rPois   .            (helmet restricted)
rElec   .            (no cloak)
rCorr   .            (no gloves)
SInv    .            (no boots)
Will    .....        (no amulet) Stlth
                     (no ring)
HPRegen 0.22/turn    (no ring)
MPRegen 0.07/turn

%: no passive effects
@: very heavily drained
A: horns 2, retaliatory headbutt
a: no special abilities


You were on level 1 of the Dungeon.
You visited 1 branch of the dungeon, and saw 1 of its levels.

Inventory:

Hand Weapons
 a - a +0 flail (weapon)
Missiles
 f - 2 throwing nets (quivered)
Armour
 b - a +0 scale mail (worn)
 c - a +0 buckler (worn)
Scrolls
 e - a scroll of fear {unknown}
Potions
 d - a potion of might


   Skills:
 + Level 3.8 Fighting
 + Level 2.4 Maces & Flails
 + Level 3.6 Armour
 + Level 4.0 Shields


You couldn't memorise any spells.
You didn't know any spells.
Your spell library was empty.

Dungeon Overview and Level Annotations

Branches:
Dungeon (1/15)

Altars:


Innate Abilities, Weirdness & Mutations

You have a pair of horns on your head.
You reflexively headbutt those who attack you in melee.


Message History

The frilled lizard bites you but does no damage.
The kobold hits you but does no damage.
The goblin shouts!
You hit the kobold.
You kill the kobold!
The frilled lizard barely misses you.
You closely miss the frilled lizard. You block the frilled lizard's attack.
You barely miss the frilled lizard.
The frilled lizard bites you but does no damage. x2
You sock the frilled lizard!
You kill the frilled lizard!
The goblin hits you but does no damage.
You feel drained.
You closely miss the goblin. Your headbutt misses the goblin.
The goblin barely misses you. The dart slug launches a dart at you.
The slug dart misses you.
You barely miss the goblin.
The goblin hits you with a +2 dagger of draining.
You feel drained.
The dart slug bites you but does no damage.
You closely miss the goblin.
The goblin hits you with a +2 dagger of draining.
You feel drained.
The goblin hits you with a +2 dagger of draining.
You feel drained. The dart slug launches a dart at you.
The slug dart hits you but does no damage.
You thump the dart slug!
You kill the dart slug!
The goblin hits you with a +2 dagger of draining.
You feel drained.
Your Shields skill increases to level 4!
The goblin hits you with a +2 dagger of draining.
* * * LOW HITPOINT WARNING * * *
You feel drained.
* * * LOW HITPOINT WARNING * * *
You see here a dart slug corpse.
You closely miss the goblin.
The goblin hits you with a +2 dagger of draining.
You die...

......#.# #.#
......'.### #.# ###
......#...####.##...##
'###+##.......†.......
..# #........##:?.#
<.# ###)####.# .## ###
#.####.###.#
#.....).g..####.
#.......@.......
#...##...........
.....#..##.###...
...........# ..
^....#..####
.#...##..# .# #..


You could see a goblin.

Vanquished Creatures
  A dart slug (D:1)
  A bat (D:1)
  2 frilled lizards (D:1)
  2 kobolds (D:1)
6 creatures vanquished.

Notes
Turn   | Place    | Note
-------+----------+-------------------------------------------
     0 | D:1      | Silvore the Minotaur Fighter began the quest for the Orb.
     0 | D:1      | Reached XP level 1. HP: 19/19 MP: 0/0
    49 | D:1      | Reached skill level 4 in Shields
    50 | D:1      | Slain by a goblin

Illustrated notes

Levels and vault maps discovered:
D:1:      dpeg_arrival_prison, layout_loops_ring

Skill      XL: |  1 |
---------------+----+-----
Shields        | 4 |  4.0
Fighting       | |  3.8
Maces & Flails | |  2.4
Armour         | |  3.6

Action                     || total
---------------------------++-------
  Melee: Flail             ||    13
         Headbutt          ||     1
 Armour: Scale mail        ||    17
  Dodge: Dodged            ||     6
  Block: Buckler           ||     2
